AoeStats
← larrery

Arabia

509892825Analyzed
1v1 RM · 5d ago on Sep 28, 2026· 23m 2s· 2 players
Game mode
Random Map
Map size
Tiny (2 player)
Population
200
Speed
Normal
Resources
Standard
Victory
Conquest
Starting age
Dark Age
Ending age
Imperial Age
RankedLock teamsTeams togetherTeam positionsShared explorationLock speedFull tech treeHidden civsTurbo modeCheats
Victory
Defeat
🇨🇴 Muisca · Colombia
923
+17
🇨🇳 Spanish · China
952
-50
larrery
6:55 Loom
9:46 Feudal Age
10:54 Double-Bit Axe
11:56 Gold Mining
20:25 Castle Age
18:45 Horse Collar
19:05 Fletching
20:14 Stone Mining
21:35 Padded Archer Armor
ぽちちんの蒸汽
14:50 Feudal Age
15:15 Horse Collar
15:24 Double-Bit Axe
17:19 Gold Mining
18:15 Wheelbarrow
18:06 Stone Mining
19:57 Bloodlines
22:03 Man-at-Arms
Connection lost

Rejoining the realm…

Still unreachable

The connection could not be restored.

Session expired

The server has moved on; the page needs a fresh start.